[Event "Titled Tuesday Blitz August 15 Early 2023"]
[White "Pax-Pramana"]
[Black "Souza Neves, Andrey M."]
[BlackFideId "2101815"]
[WhiteElo "2637"]
[BlackElo "2112"]
[Result "1-0"]
[Round "2"]
[TimeControl "180+1"]
[Date "2023.08.15"]
[WhiteClock "0:00:39"]
[BlackClock "0:00:10"]
[Board "106"]

1. e4 c6 2. d4 d5 3. Nd2 dxe4 4. Nxe4 Nf6 5. Ng3 h5 6. h4 c5 7. Nf3 Nc6 8. Be3 Bg4 9. dxc5 Qxd1+ 10. Rxd1 Bxf3 11. gxf3 e6 12. Bc4 a6 13. Ne4 Ne5 14. Be2 Nd5 15. Bd4 Nc6 16. Rg1 Nxd4 17. Rxd4 f5 18. Ng5 Bxc5 19. Rc4 Rc8 20. Nxe6 b6 21. Rxg7 Bb4+ 22. c3 Rxc4 23. Bxc4 Nxc3 24. a3 Bf8 25. Nxf8 Kxf8 26. Rf7+ Ke8 27. bxc3 b5 28. Bd5 1-0


[Site "https://www.chess.com"]

[Event "Titled Tuesday Blitz August 15 Early 2023"]
[White "Osiecki, Stanislaw"]
[Black "Arias, Juan Cruz"]
[WhiteFideId "1102990"]
[BlackFideId "118540"]
[WhiteElo "2050"]
[BlackElo "2637"]
[Result "0-1"]
[Round "2"]
[TimeControl "180+1"]
[Date "2023.08.15"]
[WhiteClock "0:01:22"]
[BlackClock "0:02:06"]
[Board "107"]

1. e4 c6 2. d4 d5 3. e5 Bf5 4. Bd3 Bxd3 5. Qxd3 e6 6. c3 Qb6 7. Ne2 Qa6 8. Qf3 c5 9. O-O Nc6 10. a3 cxd4 11. cxd4 Nge7 12. Nbc3 Nf5 13. Nxd5 exd5 14. Qxf5 Qxe2 15. Be3 Be7 16. e6 fxe6 17. Qxe6 Qh5 18. Rfe1 Qf7 19. Qg4 O-O 20. b4 a6 21. h4 Bf6 22. g3 Rae8 23. Rad1 Re4 24. Qf5 g6 25. Qf3 Qe6 26. Qg2 Bxd4 27. Rd3 Bxe3 28. Rdxe3 Re8 29. Rxe4 dxe4 30. f3 e3 31. Qb2 Qe5 32. Qg2 Nd4 33. f4 Qe4 0-1


[Site "https://www.chess.com"]

[Event "Titled Tuesday Blitz August 15 Early 2023"]
[White "Eynullayev, Atilla"]
[Black "Seifert, Henryk"]
[WhiteFideId "13413570"]
[BlackFideId "1100963"]
[WhiteElo "2634"]
[BlackElo "2044"]
[Result "1-0"]
[Round "2"]
[TimeControl "180+1"]
[Date "2023.08.15"]
[WhiteClock "0:00:20"]
[BlackClock "0:00:00"]
[Board "108"]

1. d4 d5 2. c4 c6 3. Nf3 Nf6 4. g3 Bf5 5. Nc3 e6 6. Nh4 Bg4 7. h3 Bh5 8. Qb3 Qb6 9. g4 Bg6 10. Nxg6 hxg6 11. Bg2 Nbd7 12. Qxb6 axb6 13. g5 Ng8 14. cxd5 exd5 15. e4 dxe4 16. Nxe4 Bb4+ 17. Bd2 Be7 18. O-O f5 19. Nc3 Bd6 20. Rfe1+ Ne7 21. Re6 Bb4 22. Rae1 Kf8 23. Bf4 Bxc3 24. bxc3 Nc8 25. Rxg6 Kf7 26. Rge6 Nf8 27. R6e5 b5 28. Rxf5+ Kg6 29. Be4 Kh5 30. g6+ Kxg6 31. Rxf8+ 1-0


[Site "https://www.chess.com"]

[Event "Titled Tuesday Blitz August 15 Early 2023"]
[White "Kuzhilniy, Oleksandr"]
[Black "cthake"]
[WhiteFideId "34110500"]
[WhiteElo "2631"]
[BlackElo "1823"]
[Result "1-0"]
[Round "2"]
[TimeControl "180+1"]
[Date "2023.08.15"]
[WhiteClock "0:00:40"]
[BlackClock "0:00:00"]
[Board "109"]

1. Nf3 d5 2. d3 Nf6 3. Nbd2 Nc6 4. e4 e5 5. c3 dxe4 6. dxe4 Bc5 7. Bc4 O-O 8. O-O Bg4 9. Qe2 Qe7 10. a4 a5 11. Re1 Rfd8 12. h3 Bh5 13. Nf1 h6 14. Ng3 Bg6 15. Nh4 Bh7 16. Ngf5 Bxf5 17. Nxf5 Qf8 18. Qf3 Be7 19. Be3 Kh7 20. Kh2 Rd7 21. g4 Rad8 22. h4 g6 23. Nxh6 Ng8 24. Nxf7 Bxh4 25. Rh1 Bf6 26. Kg2+ Kg7 27. Qh3 1-0


[Site "https://www.chess.com"]

[Event "Titled Tuesday Blitz August 15 Early 2023"]
[White "Da Paz, Leonardo Gadelha"]
[Black "Naroditsky, Daniel"]
[WhiteFideId "2109743"]
[BlackFideId "2026961"]
[WhiteElo "1868"]
[BlackElo "3188"]
[Result "0-1"]
[Round "2"]
[TimeControl "180+1"]
[Date "2023.08.15"]
[WhiteClock "0:00:40"]
[BlackClock "0:01:07"]
[Board "110"]

1. e4 Nf6 2. Nc3 d5 3. exd5 Nxd5 4. Nf3 Nxc3 5. bxc3 g6 6. Bc4 Bg7 7. O-O O-O 8. Ba3 Nd7 9. Qe2 c5 10. d4 Qa5 11. Bb2 e6 12. Ng5 Nb6 13. Ne4 cxd4 14. cxd4 Nxc4 15. Qxc4 Bd7 16. Nc5 Bb5 17. Qb3 Bxf1 18. Rxf1 b6 19. Bc3 Qxc3 20. Qxc3 bxc5 21. Qxc5 Rfc8 22. Qa5 Bxd4 23. h4 h5 24. g4 hxg4 25. h5 g3 26. Kg2 gxf2 27. hxg6 Rc5 28. gxf7+ Kxf7 29. Qd2 Rf5 30. Qxd4 Rg8+ 31. Kh3 Rh5+ 32. Qh4 Rxh4+ 33. Kxh4 e5 34. Rxf2+ Ke6 35. Re2 Kf5 36. Rf2+ Ke4 37. Rf7 a5 38. Ra7 Kf3 39. Rxa5 e4 40. Rf5+ Ke2 41. c4 e3 42. c5 Kd3 43. c6 e2 44. Re5 Rc8 45. Re6 Rxc6 46. Rxc6 e1=Q+ 47. Kg4 Qe4+ 0-1


[Site "https://www.chess.com"]

[Event "Titled Tuesday Blitz August 15 Early 2023"]
[White "Lehtosaari, Mauri"]
[Black "Fedoseev, Vladimir"]
[WhiteFideId "501999"]
[BlackFideId "24130737"]
[WhiteElo "2511"]
[BlackElo "3099"]
[Result "0-1"]
[Round "2"]
[TimeControl "180+1"]
[Date "2023.08.15"]
[WhiteClock "0:00:00"]
[BlackClock "0:00:13"]
[Board "111"]

1. d4 Nf6 2. Nf3 g6 3. Bg5 Bg7 4. e3 O-O 5. Be2 d6 6. O-O Nbd7 7. c3 e5 8. Nbd2 b6 9. a4 Bb7 10. a5 h6 11. Bxf6 Qxf6 12. Qb3 a6 13. axb6 cxb6 14. h3 b5 15. Ne1 Nb6 16. Bf3 d5 17. dxe5 Qxe5 18. Be2 Nc4 19. Ndf3 Qc7 20. Nc2 Rfb8 21. Ncd4 Bc8 22. Rfd1 Rb6 23. Qc2 Bd7 24. Nd2 Re8 25. Bf3 Re5 26. Nf1 h5 27. h4 g5 28. hxg5 Rxg5 29. Ne2 Bf5 30. Qc1 Bg4 31. Bxg4 hxg4 32. Nf4 Rh6 33. Ng3 Qc6 34. b3 Nd6 35. c4 Bxa1 36. Qxa1 dxc4 37. bxc4 bxc4 38. Rc1 Ne4 39. Rb1 Rb5 40. Nxe4 Qxe4 41. Rd1 Qe5 42. Rd8+ Kg7 43. Qd1 g3 44. Qg4+ Qg5 45. Qd7 Rb1+ 0-1


[Site "https://www.chess.com"]

[Event "Titled Tuesday Blitz August 15 Early 2023"]
[White "Kovalevsky, Stanislav"]
[Black "Paravyan, David"]
[WhiteFideId "13508598"]
[BlackFideId "4194985"]
[WhiteElo "2510"]
[BlackElo "3002"]
[Result "0-1"]
[Round "2"]
[TimeControl "180+1"]
[Date "2023.08.15"]
[WhiteClock "0:00:16"]
[BlackClock "0:01:15"]
[Board "112"]

1. c4 e6 2. d4 d5 3. Nc3 Nf6 4. cxd5 Nxd5 5. e4 Nxc3 6. bxc3 c5 7. Nf3 cxd4 8. cxd4 Bb4+ 9. Bd2 Bxd2+ 10. Qxd2 O-O 11. Be2 b6 12. O-O Bb7 13. Qf4 Nd7 14. Rac1 Nf6 15. Bd3 Rc8 16. e5 Rxc1 17. Rxc1 Nh5 18. Qg4 Bxf3 19. gxf3 g6 20. Kh1 f5 21. exf6 Qxf6 22. Be4 Nf4 23. Rc4 b5 24. Rb4 a5 25. Rxb5 Qxd4 26. Rxa5 Qxf2 27. Qg1 Qe2 28. Ra7 Rd8 29. Ra8 Rxa8 30. Bxa8 Nd3 31. Qb1 e5 32. a4 Kg7 33. a5 Ne1 34. f4 Qf1# 0-1


[Site "https://www.chess.com"]

[Event "Titled Tuesday Blitz August 15 Early 2023"]
[White "Cherniaiev, Tykhon"]
[Black "Shishkov, Andrei"]
[WhiteFideId "14182360"]
[BlackFideId "4500563"]
[WhiteElo "2780"]
[BlackElo "2503"]
[Result "1-0"]
[Round "2"]
[TimeControl "180+1"]
[Date "2023.08.15"]
[WhiteClock "0:01:59"]
[BlackClock "0:00:11"]
[Board "113"]

1. Nf3 Nf6 2. d4 e6 3. c4 d5 4. Nc3 dxc4 5. Bf4 Bd6 6. Bxd6 cxd6 7. Qa4+ Nc6 8. Qxc4 O-O 9. e3 d5 10. Qa4 Bd7 11. Bb5 a6 12. Bxc6 Bxc6 13. Qa3 Nd7 14. O-O b5 15. Rac1 Qb6 16. Qd6 Rac8 17. Ne2 Rfd8 18. Nf4 Nf8 19. Qe7 Rd7 20. Qc5 Qxc5 21. Rxc5 Rdc7 22. Rfc1 f6 23. Nd3 Kf7 24. Nb4 1-0


[Site "https://www.chess.com"]

[Event "Titled Tuesday Blitz August 15 Early 2023"]
[White "Yanchenko, Roman"]
[Black "Batsiashvili, Nino"]
[WhiteFideId "4137329"]
[BlackFideId "13602993"]
[WhiteElo "2767"]
[BlackElo "2430"]
[Result "1-0"]
[Round "2"]
[TimeControl "180+1"]
[Date "2023.08.15"]
[WhiteClock "0:00:42"]
[BlackClock "0:00:00"]
[Board "114"]

1. d4 d5 2. Nf3 Nf6 3. Bf4 c5 4. e3 Nc6 5. a3 Bg4 6. c3 e6 7. Nbd2 Bd6 8. dxc5 Bxc5 9. h3 Bh5 10. Be2 O-O 11. O-O Qe7 12. c4 e5 13. Nxe5 Nxe5 14. Bxh5 Nxc4 15. Bf3 Nxb2 16. Qb3 Nc4 17. Nxc4 dxc4 18. Qxb7 Qxb7 19. Bxb7 Rad8 20. Rfc1 Bb6 21. Rxc4 Nd5 22. Bg3 h6 23. a4 a5 24. Rc6 Rd7 25. Ba6 Ba7 26. Rd1 Rfd8 27. Bb5 Ne7 28. Rxd7 Rxd7 29. Ra6 Rd1+ 30. Kh2 Bc5 31. Rxa5 Nf5 32. Be2 Rd2 33. Rxc5 Nxg3 34. Kxg3 Rxe2 35. Rc8+ Kh7 36. Rc7 Kg6 37. a5 Ra2 38. Rc6+ Kf5 39. a6 h5 40. h4 g6 41. f3 Ke5 42. e4 Ra3 43. Rb6 Ra2 44. Rb7 f6 45. a7 g5 46. hxg5 fxg5 47. Rf7 Ke6 48. Rf5 g4 49. Rxh5 gxf3 50. gxf3 Rxa7 51. Kf4 Rf7+ 52. Ke3 Ra7 53. Rh6+ Kf7 54. Rh7+ Kg6 55. Rxa7 1-0


[Site "https://www.chess.com"]

[Event "Titled Tuesday Blitz August 15 Early 2023"]
[White "Bersamina, Paulo"]
[Black "Shohat, Yotam"]
[WhiteFideId "5206995"]
[BlackFideId "2813955"]
[WhiteElo "2721"]
[BlackElo "2427"]
[Result "1-0"]
[Round "2"]
[TimeControl "180+1"]
[Date "2023.08.15"]
[WhiteClock "0:01:45"]
[BlackClock "0:00:24"]
[Board "115"]

1. e4 c5 2. Nc3 g6 3. f4 Bg7 4. Nf3 Nc6 5. Bb5 Nd4 6. a4 e6 7. Nxd4 cxd4 8. Ne2 Ne7 9. c3 a6 10. Bd3 d5 11. e5 Nc6 12. b4 f6 13. Nxd4 fxe5 14. Nxc6 bxc6 15. fxe5 O-O 16. Qe2 Qh4+ 17. g3 Qg5 18. Bb2 c5 19. bxc5 Rb8 20. Ba3 Bxe5 21. c6 Rf7 22. Rf1 Rb6 23. Rxf7 Kxf7 24. Qf2+ Qf6 25. Qxb6 Qf3 26. Qf2 1-0


[Site "https://www.chess.com"]

[Event "Titled Tuesday Blitz August 15 Early 2023"]
[White "Korchmar, Vasiliy"]
[Black "Li, Eric"]
[WhiteFideId "24131750"]
[BlackFideId "30939941"]
[WhiteElo "2716"]
[BlackElo "2404"]
[Result "1/2-1/2"]
[Round "2"]
[TimeControl "180+1"]
[Date "2023.08.15"]
[WhiteClock "0:00:15"]
[BlackClock "0:00:16"]
[Board "116"]

1. e4 c5 2. d4 cxd4 3. Qxd4 Nc6 4. Qd3 g6 5. Nc3 Bg7 6. Nf3 d6 7. Be2 Nf6 8. O-O O-O 9. Nd5 Nxd5 10. exd5 Bf5 11. Qd1 Ne5 12. Nxe5 Bxe5 13. c3 a6 14. a4 Rc8 15. Be3 Re8 16. a5 e6 17. dxe6 Bxe6 18. Bf3 d5 19. Bd4 Bxd4 20. Qxd4 Rc4 21. Qd2 Rc5 22. b4 Rc4 23. Rfd1 Qc7 24. Rac1 Rc8 25. Bxd5 Rd8 26. Qg5 Rxd5 27. Rxd5 Bxd5 28. Qxd5 Rxc3 29. Rd1 Rc1 30. h4 Qc2 31. Qd8+ Kg7 32. Qd4+ Kg8 33. Rxc1 Qxc1+ 34. Kh2 Qc6 35. g3 h5 36. Kg1 Qc1+ 37. Kg2 Qc6+ 38. Kf1 Kf8 39. Ke2 Ke7 40. Kd3 Ke6 41. Qc4+ Qd5+ 42. Kc3 Kd6 43. Qf4+ Ke6 44. Qe3+ Kd6 45. Qb6+ Ke7 46. Qc7+ Ke6 47. Qc8+ Kf6 48. Qc5 Ke6 49. Qe3+ Kd6 50. f3 Qc6+ 51. Kb2 Qd5 52. Kc3 Qc6+ 53. Kd3 Qb5+ 54. Kc3 Qc6+ 1/2-1/2


[Site "https://www.chess.com"]

[Event "Titled Tuesday Blitz August 15 Early 2023"]
[White "Rozhkov, Viacheslav"]
[Black "Starozhilov, Leonid"]
[WhiteFideId "4181484"]
[BlackFideId "14106752"]
[WhiteElo "2400"]
[BlackElo "2714"]
[Result "1/2-1/2"]
[Round "2"]
[TimeControl "180+1"]
[Date "2023.08.15"]
[WhiteClock "0:00:07"]
[BlackClock "0:00:11"]
[Board "117"]

1. e4 Nc6 2. Nf3 e6 3. d4 d5 4. e5 f6 5. Bb5 Bd7 6. Bxc6 Bxc6 7. O-O Qd7 8. a3 Ne7 9. Nc3 Ng6 10. Qe2 fxe5 11. Nxe5 Nxe5 12. Qxe5 Bd6 13. Qh5+ g6 14. Qh4 O-O 15. Bh6 Rf5 16. g4 Rf3 17. Rae1 Qf7 18. Re3 Re8 19. Kg2 Rf6 20. Bg5 Rf4 21. Bxf4 Bxf4 22. Rf3 g5 23. Qh6 e5 24. Ne2 Re6 25. Qh3 Bb5 26. Re1 e4 27. Rb3 c6 28. Ng3 Bc4 29. Rc3 Bd2 30. Rce3 Bxe1 31. Rxe1 Qf3+ 32. Kg1 e3 33. Qg2 exf2+ 34. Qxf2 Rxe1+ 35. Qxe1 Qxg4 36. Qe8+ Kg7 37. Qe7+ Kg6 38. Qe8+ Kg7 39. Qe7+ Kg6 40. Qe8+ Kg7 1/2-1/2


[Site "https://www.chess.com"]

[Event "Titled Tuesday Blitz August 15 Early 2023"]
[White "Prohaszka, Peter"]
[Black "sebastianmarinp"]
[WhiteFideId "726265"]
[WhiteElo "2696"]
[BlackElo "2395"]
[Result "1-0"]
[Round "2"]
[TimeControl "180+1"]
[Date "2023.08.15"]
[WhiteClock "0:00:04"]
[BlackClock "0:00:00"]
[Board "118"]

1. e4 e6 2. d4 d5 3. Nc3 Bb4 4. e5 c5 5. a3 Bxc3+ 6. bxc3 Ne7 7. a4 Qa5 8. Bd2 Nbc6 9. Nf3 Bd7 10. c4 Qc7 11. dxc5 Nxe5 12. Bc3 Nxf3+ 13. Qxf3 O-O 14. Bd3 dxc4 15. Qg4 Ng6 16. Qxc4 Rac8 17. O-O Rfd8 18. a5 Ne5 19. Bxe5 Qxe5 20. Rfb1 Rxc5 21. Qh4 Qg5 22. Qxh7+ Kf8 23. Rxb7 Qe5 24. Rf1 Rc7 25. Rxc7 Qxc7 26. Qh8+ Ke7 27. Qxg7 Qf4 28. Qg3 Qxg3 29. hxg3 Rb8 30. f3 Rb4 31. Ra1 Bb5 32. Bxb5 Rxb5 33. Kf2 Rb2 34. g4 Rxc2+ 35. Kg3 Kf6 36. Rb1 Rc5 37. a6 Rc6 38. Ra1 Rb6 39. Kh4 Kg6 40. f4 f6 41. Ra5 Rb3 42. f5+ exf5 43. gxf5+ Kf7 44. Rd5 Ke7 45. Rc5 Kd6 46. Rc8 Rb6 47. Re8 Kd5 48. g4 Rxa6 49. g5 fxg5+ 50. Kxg5 Rb6 51. Ra8 a6 52. f6 Rb7 53. Kg6 Ke6 54. Rxa6+ Kd7 55. Ra8 Kd6 56. f7 1-0


[Site "https://www.chess.com"]

[Event "Titled Tuesday Blitz August 15 Early 2023"]
[White "Zavgorodniy, Sergiy"]
[Black "Melikhov, Evgeny V."]
[WhiteFideId "14110148"]
[BlackFideId "4122046"]
[WhiteElo "2598"]
[BlackElo "2382"]
[Result "0-1"]
[Round "2"]
[TimeControl "180+1"]
[Date "2023.08.15"]
[WhiteClock "0:00:49"]
[BlackClock "0:00:44"]
[Board "119"]

1. d4 Nf6 2. c4 e6 3. Nf3 d5 4. e3 Nc6 5. Nbd2 a6 6. Bd3 Bd6 7. O-O O-O 8. Qe2 e5 9. cxd5 Nxd5 10. dxe5 Nxe5 11. Nxe5 Bxe5 12. Bxh7+ Kxh7 13. Qh5+ Kg8 14. Qxe5 Nf6 15. Qg3 c5 16. b3 b5 17. Nf3 Ne4 18. Bb2 Nxg3 19. hxg3 Bb7 20. Nh4 Qd2 21. Be5 f6 22. Bc7 Rac8 23. Bb6 Qd5 24. Nf3 Qc6 25. Ba5 b4 26. a3 Qb5 27. axb4 cxb4 28. Nd4 Qd5 29. f3 Qd6 30. g4 Rc3 31. Rfd1 Rxe3 32. Nf5 Qc5 33. Nxe3 Qxe3+ 34. Kh2 Rc8 35. Ra2 Qxb3 36. Rad2 Qc4 37. Bb6 b3 38. Bd4 Rd8 39. g5 a5 40. gxf6 gxf6 41. Kg1 a4 42. Bb2 Rxd2 43. Rxd2 Qc5+ 44. Kh2 a3 45. Bxf6 b2 46. Bxb2 axb2 47. Rxb2 Qe5+ 48. Kh3 Qxb2 49. Kg3 Kf7 50. Kh2 Kf6 51. Kg3 Kg5 52. Kh3 Bxf3 53. g4 Bxg4+ 54. Kg3 Qb3+ 55. Kf2 Qf3+ 56. Kg1 Qe2 57. Kh1 Bf3+ 58. Kg1 Qg2# 0-1


[Site "https://www.chess.com"]

[Event "Titled Tuesday Blitz August 15 Early 2023"]
[White "Dilmukhametov, Artur"]
[Black "Santos Flores, Alberto"]
[WhiteFideId "24179922"]
[BlackFideId "3601234"]
[WhiteElo "2305"]
[BlackElo "2547"]
[Result "0-1"]
[Round "2"]
[TimeControl "180+1"]
[Date "2023.08.15"]
[WhiteClock "0:00:00"]
[BlackClock "0:00:54"]
[Board "120"]

1. e4 e6 2. d4 d5 3. e5 c5 4. c3 Qb6 5. Nf3 Nc6 6. a3 a5 7. Bd3 Bd7 8. Bc2 a4 9. O-O Nh6 10. Bxh6 Qxb2 11. Bxg7 Bxg7 12. Nbd2 Qxc3 13. dxc5 Nxe5 14. Rb1 Bc6 15. Nxe5 Qxe5 16. Nf3 Qc3 17. Re1 Qxc5 18. Ng5 h6 19. Nxe6 fxe6 20. Qh5+ Kd7 21. Bf5 Rae8 22. Qf7+ Re7 23. Bxe6+ Kc7 24. Qf4+ Qd6 25. Qg4 Rhe8 0-1


[Site "https://www.chess.com"]

[Event "Titled Tuesday Blitz August 15 Early 2023"]
[White "Zampronha, Wladimir Camilo"]
[Black "Manukyan, Sargis V."]
[WhiteFideId "2103087"]
[BlackFideId "13303465"]
[WhiteElo "2240"]
[BlackElo "2544"]
[Result "0-1"]
[Round "2"]
[TimeControl "180+1"]
[Date "2023.08.15"]
[WhiteClock "0:00:46"]
[BlackClock "0:00:51"]
[Board "121"]

1. e4 e6 2. d4 d5 3. Nc3 Bb4 4. e5 c5 5. a3 Bxc3+ 6. bxc3 Ne7 7. Qg4 O-O 8. Bd3 Nbc6 9. Nf3 f5 10. exf6 Rxf6 11. Bg5 e5 12. Qh4 e4 13. Bxf6 gxf6 14. Qxf6 exd3 15. cxd3 Qf8 16. Qxf8+ Kxf8 17. dxc5 Bf5 18. d4 Na5 19. Nd2 Rc8 20. Rc1 b6 21. cxb6 axb6 22. f3 Ng6 23. g3 Ke7 24. Kf2 Kd6 25. Rhe1 Bd3 26. h4 h5 27. Re3 Bf5 28. Rce1 b5 29. Rg1 Bd7 30. g4 Nxh4 31. gxh5 Rh8 32. Rg5 Nf5 33. Re5 Ne7 34. Kg3 Nac6 35. Nb3 Nxe5 36. dxe5+ Kc6 37. Nd4+ Kc5 38. e6 Be8 39. Kg4 Kc4 40. f4 Kxc3 41. Ne2+ Kd3 42. Ng3 d4 43. f5 Nd5 44. f6 Nxf6+ 45. Kf5 Nxh5 46. Ne4 Ke3 47. Nd6 Rf8+ 48. Ke5 Nf4 49. Rg3+ Kf2 50. Ne4+ Ke2 51. Kxd4 Nxe6+ 52. Kd5 Nf4+ 53. Kc5 Nd3+ 54. Kb6 Rf4 55. Nc3+ Kf2 56. Nxb5 Kxg3 0-1


[Site "https://www.chess.com"]

[Event "Titled Tuesday Blitz August 15 Early 2023"]
[White "Taboas Rodriguez, Daniel"]
[Black "Thiel, Thomas"]
[WhiteFideId "2208466"]
[BlackFideId "4615964"]
[WhiteElo "2529"]
[BlackElo "2231"]
[Result "1-0"]
[Round "2"]
[TimeControl "180+1"]
[Date "2023.08.15"]
[WhiteClock "0:02:05"]
[BlackClock "0:01:04"]
[Board "122"]

1. d4 d5 2. Nf3 Nf6 3. c4 dxc4 4. e3 Bg4 5. Bxc4 e6 6. h3 Bh5 7. Nc3 Nc6 8. Bb5 Bd6 9. Bxc6+ bxc6 10. Qa4 Qd7 11. Ne5 Bxe5 12. dxe5 Nd5 13. Bd2 O-O 14. O-O Nxc3 15. Bxc3 Be2 16. Rfe1 Bb5 17. Qd4 Qxd4 18. Bxd4 Rfd8 19. Rec1 Rd5 20. b3 c5 21. Rxc5 Rxc5 22. Bxc5 a5 23. Rc1 a4 24. bxa4 Bxa4 25. Bb4 c6 26. f4 g6 27. g4 Bb5 28. a3 h6 29. Rd1 h5 30. g5 Rc8 31. Bc5 Rc7 32. Rd8+ Kh7 33. h4 Rb7 34. Kf2 Bc4 35. Bb4 Bd5 36. Rc8 Rb5 37. Be7 1-0


[Site "https://www.chess.com"]

[Event "Titled Tuesday Blitz August 15 Early 2023"]
[White "Hartikainen, Jarmo"]
[Black "Janaszak, Dawid"]
[WhiteFideId "503134"]
[BlackFideId "1119206"]
[WhiteElo "2113"]
[BlackElo "2523"]
[Result "0-1"]
[Round "2"]
[TimeControl "180+1"]
[Date "2023.08.15"]
[WhiteClock "0:00:06"]
[BlackClock "0:01:07"]
[Board "123"]

1. e4 g6 2. d4 Bg7 3. Nc3 a6 4. a4 b6 5. Be3 Bb7 6. Qd2 d6 7. f3 c5 8. Bc4 Nc6 9. Nge2 e6 10. dxc5 dxc5 11. Qxd8+ Rxd8 12. O-O Nb4 13. Bb3 c4 14. Bxc4 Nxc2 15. Bxb6 Rc8 16. Rac1 Rxc4 17. Rxc2 Ne7 18. b3 Rc6 19. Bd4 e5 20. Be3 O-O 21. Rfc1 Rfc8 22. Kf1 f5 23. Ke1 a5 24. Kd1 Ba6 25. Nb5 fxe4 26. fxe4 Bb7 27. Rxc6 Bxc6 28. Nd6 Rd8 29. Bc5 Bxe4 30. g3 Nf5 31. Ke1 Nxd6 32. Rd1 Nb7 33. Nc3 Rxd1+ 34. Kxd1 Nxc5 35. Ke2 Bc2 0-1


[Site "https://www.chess.com"]

[Event "Titled Tuesday Blitz August 15 Early 2023"]
[White "Hristodoulou, Panagiotis"]
[Black "Verony64"]
[WhiteFideId "4214340"]
[WhiteElo "2515"]
[BlackElo "2089"]
[Result "1-0"]
[Round "2"]
[TimeControl "180+1"]
[Date "2023.08.15"]
[WhiteClock "0:01:59"]
[BlackClock "0:02:01"]
[Board "124"]

1. e4 d6 2. d4 Nd7 3. Nf3 e5 4. Nc3 c6 5. Bc4 Be7 6. O-O Ngf6 7. Re1 O-O 8. a4 Qc7 9. h3 b6 10. Bg5 a6 11. Qd2 Bb7 12. Rad1 b5 13. Bb3 b4 14. Nb1 c5 15. dxe5 Nxe5 16. Nxe5 dxe5 17. Bxf6 Bxf6 18. Qe2 Rac8 19. Nd2 g6 20. Nc4 Rfd8 21. Ne3 Bxe4 22. Ng4 Rxd1 23. Rxd1 Qc6 24. Qxe4 Kg7 25. Qxc6 Rxc6 26. Nxf6 Kxf6 27. Bc4 e4 28. Rd7 h5 29. Rxf7+ Ke5 30. Rd7 Rf6 31. Rd5+ 1-0


[Site "https://www.chess.com"]

[Event "Titled Tuesday Blitz August 15 Early 2023"]
[White "Risteski, Emil"]
[Black "White, John S."]
[WhiteFideId "15005267"]
[BlackFideId "2502348"]
[WhiteElo "2513"]
[BlackElo "2022"]
[Result "1-0"]
[Round "2"]
[TimeControl "180+1"]
[Date "2023.08.15"]
[WhiteClock "0:00:10"]
[BlackClock "0:00:04"]
[Board "125"]

1. d3 Nf6 2. e4 d6 3. f4 g6 4. Nf3 Bg7 5. Be2 O-O 6. O-O c5 7. Qe1 Nc6 8. Qh4 Bd7 9. Bd1 b5 10. f5 Qb6 11. Bh6 c4+ 12. Kh1 cxd3 13. cxd3 Rac8 14. Ng5 Ne5 15. Nc3 Bc6 16. fxg6 hxg6 17. Bb3 Ned7 18. Nd5 Bxd5 19. Bxd5 Rc2 20. b4 Qd4 21. Rad1 Qxb4 22. h3 Qb2 23. Qg3 Bxh6 24. Nxf7 Kg7 25. Nxh6 Kxh6 26. d4 Kg7 27. Bb3 Rd2 28. Rde1 Qxd4 29. Qg5 Qe5 30. Qxd2 Nc5 31. Qe2 Ncxe4 32. Rf3 Ng3+ 33. Rxg3 Qxg3 34. Qxe7+ Rf7 35. Qxf7+ Kh6 36. Rf1 Nh5 37. Qf8+ Ng7 38. Qf4+ Qxf4 39. Rxf4 Nh5 40. Rd4 Ng3+ 41. Kh2 Nf5 42. Rd5 Kg7 43. Rxb5 a6 44. Rb7+ Kf6 45. Ra7 Ne3 46. Rxa6 Ke5 47. Ra8 g5 48. a4 d5 49. a5 d4 50. a6 d3 51. a7 d2 52. Re8+ Kd4 53. Rxe3 Kxe3 54. Bd1 Kf2 55. a8=Q Ke1 56. Qf3 g4 57. Qe2# 1-0


[Site "https://www.chess.com"]

[Event "Titled Tuesday Blitz August 15 Early 2023"]
[White "Nakamura, Hikaru"]
[Black "Nugumanov, Bakhtiyar"]
[WhiteFideId "2016192"]
[BlackFideId "13701797"]
[WhiteElo "3255"]
[BlackElo "2075"]
[Result "0-1"]
[Round "2"]
[TimeControl "180+1"]
[Date "2023.08.15"]
[WhiteClock "0:00:34"]
[BlackClock "0:00:32"]
[Board "126"]

1. Nf3 Nf6 2. g3 g6 3. Bg2 Bg7 4. O-O O-O 5. d3 d6 6. Nbd2 e5 7. e4 Nc6 8. Re1 Re8 9. c3 a5 10. a4 h6 11. Nc4 Be6 12. Na3 Qd7 13. Nb5 d5 14. exd5 Nxd5 15. d4 Bg4 16. dxe5 Nxe5 17. Nxe5 Bxd1 18. Rxd1 Rxe5 19. Bf4 c6 20. Bxe5 Bxe5 21. Na3 Qe6 22. Re1 Qf6 23. Rad1 h5 24. Nc4 Bc7 25. Rd3 Rd8 26. Rf3 Qg7 27. h4 Qf8 28. Bf1 Re8 29. Rd1 Re6 30. Bh3 Rf6 31. Rfd3 Qc5 32. Rd4 Qe7 33. Bg2 Qe2 34. Rf1 Kg7 35. b3 Bb6 36. Rd2 Qe6 37. Nxb6 Nxb6 38. c4 Nd7 39. Rd3 Nc5 40. Re3 Qd6 41. Bh3 Qd2 42. Bg2 Rxf2 43. Rxf2 Qxe3 44. Kf1 Nd3 0-1


[Site "https://www.chess.com"]

[Event "Titled Tuesday Blitz August 15 Early 2023"]
[White "Lazavik, Denis"]
[Black "Buscar, Michael"]
[WhiteFideId "13515110"]
[BlackFideId "2603616"]
[WhiteElo "3043"]
[BlackElo "2401"]
[Result "1-0"]
[Round "2"]
[TimeControl "180+1"]
[Date "2023.08.15"]
[WhiteClock "0:01:53"]
[BlackClock "0:00:31"]
[Board "127"]

1. d4 d5 2. c4 e6 3. Nf3 c5 4. cxd5 exd5 5. g3 Nc6 6. Bg2 Nf6 7. O-O Be7 8. dxc5 Bxc5 9. a3 O-O 10. b4 Be7 11. Bb2 Ne4 12. Nc3 Be6 13. Rc1 Bf6 14. Na4 Rc8 15. e3 Bxb2 16. Nxb2 Qf6 17. Nd3 Rfd8 18. Nf4 Nc3 19. Qd3 Ne5 20. Nxe5 Qxe5 21. Nxe6 fxe6 22. f4 Qf6 23. Rc2 Na4 24. Rfc1 Nb6 25. h3 Rxc2 26. Rxc2 Qa1+ 27. Kh2 Nc4 28. Rxc4 1-0


[Site "https://www.chess.com"]

[Event "Titled Tuesday Blitz August 15 Early 2023"]
[White "Keymer, Vincent"]
[Black "KorolDimitriy75"]
[WhiteFideId "12940690"]
[WhiteElo "2945"]
[BlackElo "2401"]
[Result "1-0"]
[Round "2"]
[TimeControl "180+1"]
[Date "2023.08.15"]
[WhiteClock "0:01:34"]
[BlackClock "0:00:00"]
[Board "128"]

1. a3 c5 2. b4 d6 3. Bb2 Nd7 4. Nf3 Ngf6 5. bxc5 dxc5 6. g3 g6 7. Bg2 Bg7 8. O-O O-O 9. d3 Qc7 10. a4 b6 11. a5 Bb7 12. Na3 Bc6 13. c4 a6 14. axb6 Qxb6 15. Rb1 Qc7 16. Nc2 Rfb8 17. e4 Ba4 18. Qc1 Ra7 19. Ne3 e6 20. Ra1 Bc6 21. Bc3 Ng4 22. Nxg4 1-0


[Site "https://www.chess.com"]

[Event "Titled Tuesday Blitz August 15 Early 2023"]
[White "Lorenzo De La Riva, Lazaro"]
[Black "Moskalenko, Alexander"]
[WhiteFideId "2268809"]
[BlackFideId "4155351"]
[WhiteElo "2400"]
[BlackElo "2897"]
[Result "0-1"]
[Round "2"]
[TimeControl "180+1"]
[Date "2023.08.15"]
[WhiteClock "0:00:00"]
[BlackClock "0:00:30"]
[Board "129"]

1. c4 f5 2. g3 g6 3. Bg2 Bg7 4. h4 Nf6 5. h5 O-O 6. hxg6 hxg6 7. d4 d6 8. Nc3 e5 9. Bg5 c6 10. Qd2 Qe7 11. Nf3 e4 12. Nh4 Qf7 13. O-O-O Ng4 14. Rdf1 Na6 15. f3 exf3 16. Bxf3 Qxc4 17. Nxg6 Re8 18. Bxg4 fxg4 19. Ne7+ Rxe7 20. Bxe7 Nb4 21. Bf6 Nxa2+ 22. Kc2 Nxc3 23. Rh8+ Kf7 24. Bxg7+ Ke6 25. bxc3 Kd7 26. Rhf8 Kc7 27. R1f2 a5 28. Qd3 Qa2+ 29. Kc1 a4 30. e4 Qa3+ 31. Rb2 Ra5 32. Rf7+ Kb8 33. Qc2 Rb5 34. e5 Be6 35. Rf8+ Ka7 36. d5 Bxd5 37. exd6 Be4 38. Bd4+ b6 39. Qf2 Qa1+ 40. Kd2 Rxb2+ 41. Ke3 Rxf2 42. Rxf2 Bf3 43. d7 Qe1+ 44. Kf4 Qe4+ 45. Kg5 Qd5+ 0-1


[Site "https://www.chess.com"]